 Dungeon Crawl Stone Soup version 0.30-a0-568-g124715a40b (webtiles) character file.

Game seed: 2735454443465147024

90 bmack86 the Trooper (level 4, -3/60 HPs)
             Began as a Minotaur Fighter on Dec 29, 2022.
             Slain by a lemure (5 damage)
             ... led by Pikel
             ... on level 3 of the Dungeon.
             The game lasted 00:05:53 (1996 turns).

bmack86 the Trooper (Minotaur Fighter)              Turns: 1996, Time: 00:05:54

Health: -3/60      AC: 11    Str: 22    XL:     4   Next: 32%
Magic:  3/3        EV:  7    Int:  5    God:
Gold:   124        SH:  5    Dex: 15    Spells: 3/3 levels left

rFire   . . .      SeeInvis .    a - +0 war axe
rCold   . . .      Faith    .    c - +0 buckler
rNeg    . . .      Spirit   .    t - +1 chain mail of the Dice {Dex+5}
rPois   .          Reflect  .    (helmet restricted)
rElec   .          Harm     .    (no cloak)
rCorr   .          Rampage  .    g - +0 pair of gloves
Will    .....                    (no boots) Stlth
                                 (no amulet)
HPRegen 0.30/turn                (no ring)
MPRegen 0.08/turn                (no ring)

@: berserking, very quick
A: horns 2, retaliatory headbutt
a: no special abilities


You were on level 3 of the Dungeon.
You visited 1 branch of the dungeon, and saw 4 of its levels.

You collected 124 gold pieces.

Inventory:

Hand Weapons
 a - a +0 war axe (weapon)
Missiles
 p - 2 poisoned darts (quivered)
Armour
 b - a +0 scale mail
 c - a +0 buckler (worn)
 g - a +0 pair of gloves (worn)
 t - the +1 chain mail of the Dice (worn) {Dex+5}
   (You found it on level 3 of the Dungeon)

   Dex:       It affects your dexterity (+5).
Scrolls
 i - a scroll of poison {unknown}
 j - a scroll of fog {unknown}
 k - a scroll of fear
 l - a scroll of blinking {unknown}
 m - a scroll of enchant armour {unknown}
 n - a scroll of teleportation
 o - a scroll of summoning {unknown}
 q - a scroll of vulnerability
Potions
 d - a potion of might
 e - 5 potions of curing
 f - a potion of flight
 h - a potion of magic


   Skills:
 + Level 4.2 Fighting
 * Level 3.9 Axes
 + Level 0.5 Throwing
 + Level 4.2 Armour
 + Level 4.2 Shields


You had 3 spell levels left.
You didn't know any spells.
Your spell library contained the following spells:

 Spells                   Type           Power      Damage    Failure   Level
 Slow                     Hex            0%         N/A       99%         1
 Confusing Touch          Hex            0%         N/A       100%        3
 Vampiric Draining        Necr           0%         2d6       100%        3
 Summon Forest            Summ/Tloc      0%         N/A       100%        5
 Eringya's Noxious Bog    Tmut/Pois      0%         N/A       100%        6
 Summon Hydra             Summ           0%         N/A       100%        7


Dungeon Overview and Level Annotations

Branches:
Dungeon (4/15)
 Temple: D:4-7

Altars:
The Shining One

Annotations:
D:3 Pikel


Innate Abilities, Weirdness & Mutations

You have a pair of horns on your head.
You reflexively headbutt those who attack you in melee.


Message History

The lemure completely misses you. Pikel barely misses you. The lemure hits you.
You block the lemure's attack.
Pikel hits you with a +2 whip of flaming.
Pikel burns you. The lemure hits you but does no damage.
You climb upwards.
There is a stone staircase leading down here.
You closely miss Pikel. You closely miss the lemure. You miss the lemure.
Pikel hits you with a +2 whip of flaming.
Pikel burns you. The lemure closely misses you. You furiously retaliate!
You headbutt the lemure! The lemure hits you.
You barely miss Pikel. Your headbutt misses Pikel.
You hit the lemure but do no damage. You hit the lemure. The lemure hits you.
You block Pikel's attack. The lemure hits you but does no damage.
The lemure hits you.
* * * LOW HITPOINT WARNING * * *
Pikel hits you with a +2 whip of flaming.
* * * LOW HITPOINT WARNING * * *
Pikel burns you.
* * * LOW HITPOINT WARNING * * *
You block the lemure's attack.
You hit Pikel but do no damage. You hit the lemure but do no damage.
You barely miss the lemure. The lemure hits you but does no damage.
Pikel hits you with a +2 whip of flaming.
* * * LOW HITPOINT WARNING * * *
Pikel burns you.
* * * LOW HITPOINT WARNING * * *
The lemure hits you but does no damage.
A red film seems to cover your vision as you go berserk!
You feel yourself moving faster!
You feel mighty! The lemure hits you but does no damage.
Pikel hits you but does no damage. The lemure barely misses you.
You furiously retaliate!
You headbutt the lemure! You slice Pikel!! Your headbutt misses Pikel.
Pikel is heavily wounded.
You slash the lemure! You barely miss the lemure.
Pikel hits you with a +2 whip of flaming!
* * * LOW HITPOINT WARNING * * *
Pikel burns you.
* * * LOW HITPOINT WARNING * * *
The lemure closely misses you. The lemure hits you.
You die...

#...........................
#.##...##...##.#.#..........
#.###.####.###.#.#########'#
#.# #......# #.#.# #####...
#.# ######## #.#.# #...#...
#.# #.#.# #.###... #.####
#.#.####.# #...
#....#########........# ##..
####......K@5....###### #..
#########5##### ##. #.# ##
#.# # #.############
#............#
############.# #.#### #.....


You could see Pikel and 2 lemures.

Vanquished Creatures
  An orc priest (D:4)
  An adder (D:3)
  A worm (D:2)
  7 orcs
  5 endoplasms
  A giant cockroach (D:3)
  3 goblins
  5 hobgoblins
  4 jackals (D:1)
  5 ball pythons
  A bat (D:1)
  A frilled lizard (D:3)
  5 rats
40 creatures vanquished.

Notes
Turn   | Place    | Note
-------+----------+-------------------------------------------
     0 | D:1      | bmack86 the Minotaur Fighter began the quest for the Orb.
     0 | D:1      | Reached XP level 1. HP: 19/19 MP: 0/0
   358 | D:1      | Reached XP level 2. HP: 27/27 MP: 1/1
   785 | D:2      | Identified the +7 dagger of Extinguishment {protect, rPois}
   897 | D:2      | Reached XP level 3. HP: 25/33 MP: 2/2
  1297 | D:3      | Found a glowing golden altar of the Shining One.
  1729 | D:3      | Identified the +1 chain mail of the Dice {Dex+5}
  1957 | D:4      | Noticed Pikel
  1957 | D:4      | Noticed a lemure
  1959 | D:4      | Reached XP level 4. HP: 40/40 MP: 3/3
  1959 | D:4      | Noticed a lemure
  1960 | D:4      | Noticed a lemure
  1996 | D:3      | HP: 2/60 [Pikel/+2 whip of flaming (2)]
  1996 | D:3      | Slain by a lemure

Illustrated notes

Levels and vault maps discovered:
D:1:      psy_arrival_dodecagon, layout_loops_cross, hangedman_feature_mirror
D:2:      layout_rooms
D:3:      layout_loops_ring, tso_metal_star, lightli_corner_chamber
D:4:      layout_basic, grunt_temple_overflow_open, minmay_misc_feat_iff,
          uniq_pargi, uniq_pikel

Skill      XL: |  1  2  3 |
---------------+----------+-----
Axes           | 3 |  3.9
Fighting       | 4 |  4.2
Shields        | 4 |  4.2
Armour         | 4 |  4.2
Throwing       | |  0.5

Action                   |  1- 3 |  4- 6 || total
-------------------------+-------+-------++-------
Melee: War axe           |    73 |    10 ||    83
       Headbutt          |     9 |       ||     9
  Use: Scroll            |     7 |       ||     7
       Potion            |       |     1 ||     1
Armor: Scale mail        |    30 |       ||    30
       Chain mail        |     1 |    13 ||    14
Dodge: Dodged            |    30 |     6 ||    36
Block: Buckler           |    15 |     4 ||    19

Table legend: (Time is in decaauts)
 A = Elapsed time spent in this place.
 B = Non-inter-level travel time spent in this place.
 C = Inter-level travel time spent in this place.
 D = Time resting spent in this place.
 E = Time spent auto-exploring this place.
 F = Levels seen in this place.
 G = Mean time per level.
                   A        B        C        D        E       F      G
               +--------+--------+--------+--------+--------+-----+--------+
         Total |   2028 |   1916 |    112 |     17 |   1383 |   4 |  507.0 |
       Dungeon |   2028 |   1916 |    112 |     17 |   1383 |   4 |  507.0 |
               +--------+--------+--------+--------+--------+-----+--------+

Top non-repeatable levels by time:
     D:3: 825 daAuts
     D:1: 693 daAuts
     D:2: 500 daAuts
     D:4: 8 daAuts
